 Dungeon Crawl Stone Soup version 0.30-b1-2-g02819fbbbe (webtiles) character file.

Game seed: 1833897443859878403

10853 ketsa the Basher (level 11, -2/95 HPs)
             Began as an Armataur Fighter on May 18, 2023.
             Was a High Priest of Nemelex Xobeh.
             Slain by a demonic crawler (12 damage)
             ... on level 11 of the Dungeon.
             The game lasted 00:44:47 (11254 turns).

ketsa the Basher (Armataur Fighter)                Turns: 11254, Time: 00:44:47

Health: -2/95      AC: 13    Str: 25    XL:     11   Next: 41%
Magic:  0/15       EV:  7    Int:  9    God:    Nemelex Xobeh [*****.]
Gold:   668        SH:  6    Dex: 20    Spells: 10/10 levels left

rFire   + . .        I - +8 club (freeze)
rCold   . . .        c - +0 buckler
rNeg    . . .        b - +0 scale mail
rPois   +            A - +0 helmet "Vezuhyigh" {rF+ Dex+4}
rElec   .            U - +2 cloak
rCorr   .            Z - +0 pair of gloves
SInv    .            (no barding)
Will    +....        z - amulet of guardian spirit Stlth
                     u - +6 ring of dexterity
HPRegen 1.15/turn    r - ring of poison resistance
MPRegen 0.14/turn

%: guardian spirit, roll
@: no status effects
A: large, rugged brown scales 3, deformed body, armoured tail, roll, long
tongue, awkward tongue, low MP 1, strong-willed 1, regeneration 1
a: Renounce Religion, Draw Escape, Draw Destruction, Draw Summoning, Triple
Draw, Deal Four, Stack Five


You were on level 11 of the Dungeon.
You worshipped Nemelex Xobeh.
Nemelex Xobeh was extremely pleased with you.
You visited 3 branches of the dungeon, and saw 13 of its levels.

You collected 668 gold pieces.

Inventory:

Hand Weapons
 a - a +0 flail
 n - a +0 flail of holy wrath
 y - a +4 mace
 I - a +8 club of freezing (weapon)
Missiles
 w - 70 stones
 J - 15 poisoned darts (quivered)
Armour
 b - a +0 scale mail (worn)
 c - a +0 buckler (worn)
 f - a +0 plate armour
 i - a +0 chain mail
 A - the +0 helmet "Vezuhyigh" (worn) {rF+ Dex+4}
   (You found it on level 4 of the Dungeon)

   Dex:       It affects your dexterity (+4).
   rF:        It protects you from fire.
 G - an orb of mayhem
 T - a +1 plate armour of willpower
 U - a +2 cloak (worn)
 Z - a +0 pair of gloves (worn)
Jewellery
 r - a ring of poison resistance (right hand)
 u - a +6 ring of dexterity (left hand)
 x - a ring of fire
 z - an amulet of guardian spirit (around neck)
 D - a ring of ice
 E - a ring of resist corrosion
 P - a ring of willpower
 V - a ring of magical power
 Y - an amulet of magic regeneration
Wands
 H - a wand of mindburst (28)
 K - a wand of flame (20)
 R - a wand of digging (7)
Scrolls
 g - 3 scrolls of blinking
 h - a scroll of fog {unknown}
 j - 3 scrolls of noise
 l - a scroll of brand weapon
 p - a scroll of enchant weapon {unknown}
 q - 4 scrolls of teleportation {unknown}
 s - 3 scrolls of identify
 B - 2 scrolls of fear {unknown}
 L - a scroll of amnesia {unknown}
 M - a scroll of vulnerability {unknown}
 N - 3 scrolls of poison
 O - a scroll of enchant armour {unknown}
 W - 2 scrolls of magic mapping {unknown}
Potions
 d - 4 potions of might
 e - a potion of heal wounds
 k - 6 potions of mutation
 m - a potion of invisibility
 o - 5 potions of curing
 t - 3 potions of cancellation {unknown}
 v - a potion of attraction {unknown}
 C - 4 potions of flight
 F - 3 potions of lignification
 Q - a potion of ambrosia {unknown}
 S - 5 potions of haste
 X - a potion of brilliance {unknown}


   Skills:
 + Level 6.2 Fighting
 * Level 12.1 Maces & Flails
 - Level 6.4 Armour
 - Level 6.7 Shields
 + Level 8.6 Invocations


You had 10 spell levels left.
You didn't know any spells.
Your spell library contained the following spells:

 Spells                   Type           Power      Damage    Failure   Level
 Necrotise                Necr           0%         1d4       71%         1
 Slow                     Hex            0%         N/A       71%         1
 Sting                    Tmut/Pois      0%         1d3       71%         1
 Poisonous Vapours        Pois/Air       0%         N/A       83%         2
 Confusing Touch          Hex            0%         N/A       97%         3
 Portal Projectile        Hex/Tloc       0%         N/A       97%         3
 Tukima's Dance           Hex            0%         N/A       97%         3
 Vampiric Draining        Necr           0%         2d6       97%         3
 Olgreb's Toxic Radiance  Pois           0%         N/A       100%        4
 Agony                    Necr           0%         N/A       100%        5
 Blade Hands              Tmut           0%         N/A       100%        5
 Iskenderun's Battlesphe  Conj           0%         2d6       100%        5
 Iron Shot                Conj/Erth      0%         9d1       100%        6
 Spellforged Servitor     Conj/Summ      0%         N/A       100%        7


Dungeon Overview and Level Annotations

Branches:
Dungeon (11/15) Zot: 25586  Temple (1/1) D:4 Zot: 5998    Lair (1/5) D:8 Zot: 5947
    Orc: D:9-12

Altars:
Ashenzari
Cheibriados
Dithmenos
Elyvilon
Fedhas
Gozag
Hepliaklqana
Kikubaaqudgha
Makhleb
Nemelex Xobeh
Okawaru
Qazlal
Ru
Sif Muna
Trog
Uskayaw
Vehumet
Wu Jian
Xom
Yredelemnul
Zin
The Shining One

Shops:
D:8 *

Annotations:
D:4 exclusion: 2 downstairs
D:7 1 runed translucent door, 2 transporters, MrCrawl's ghost, novice DsNe
D:9 3 runed translucent doors, exclusion: downstairs


Innate Abilities, Weirdness & Mutations

You are completely covered in rugged brown scales. (AC +3, +7% HP)
Armour fits poorly on your strangely shaped body.
You have a long armoured tail.
You roll when moving toward enemies. (Rampage)
Your long tongue fully drains potion bottles. (2x potion effects)
Your tongue gives you trouble enunciating. (1.5x scroll delay)
Your magical capacity is low. (-10% MP)
You are strong-willed. (Will+)
Your natural rate of healing is unusually fast.


Message History

The demonic crawler hits you but does no damage.
The demonic crawler hits you. The demonic crawler hits you!
The demonic crawler hits you. x3
You swap places.
The demonic crawler hits your killer bee!
The demonic crawler completely misses your killer bee.
The demonic crawler hits your killer bee!
Your killer bee dies!
Your killer bee's corpse disappears in a puff of smoke!
Your killer bee stings the demonic crawler but does no damage.
Something closely misses your killer bee.
Something hits your killer bee.
Something closely misses your killer bee.
o - 5 potions of curing (gained 1)
Your killer bee barely misses the demonic crawler.
The demonic crawler misses your killer bee.
The demonic crawler hits your killer bee.
The demonic crawler completely misses your killer bee.
Your killer bee barely misses the demonic crawler.
Your killer bee stings the demonic crawler but does no damage.
The demonic crawler hits your killer bee! x2
Your killer bee dies!
Your killer bee's corpse disappears in a puff of smoke!
There is an open door here.
You draw a card...
You have drawn the Illusion.
Suddenly you stand beside yourself. The demonic crawler hits you!
You block the demonic crawler's attack. The demonic crawler hits you!
* * * LOW HITPOINT WARNING * * *
The demonic crawler attacks as you move away!
The demonic crawler hits you.
* * * LOW HITPOINT WARNING * * *
The demonic crawler hits you.
* * * LOW HITPOINT WARNING * * *
The demonic crawler hits you!
* * * LOW HITPOINT WARNING * * *
You block the demonic crawler's attack. The demonic crawler hits you.
* * * LOW HITPOINT WARNING * * *
The demonic crawler hits you!
You die...
Your body glows slightly and disappears.

......#####.####.#
...##.# #....)#.#
.>....# #######.#
..###.# #.###..#
..# #.# #.....##
..# #.# #.###..#
...##.# #.# ##.#
......# ######@#
...##.# ....#@#
..... # ####.##s#
#.###. +.#...#.#
..# # #..ยง#.'.#
#.# ##s######
#....$# #######
#.# ..#


You could see a demonic crawler (ally target) and the friendly ketsa's illusion
(summoned).

Vanquished Creatures
  A two-headed ogre (D:9)
  An alligator (D:11)
  A goliath frog (D:11)
  A mana viper (D:11)
  A cyclops (D:10)
  An ugly thing (D:11)
  Joseph (D:9)
  2 manticores
  A komodo dragon (D:10)
  Psyche (D:8)
  Prince Ribbit (D:5)
  A slime creature (D:10)
  Sigmund (D:5)
  2 shadows (D:11)
  2 wraiths (D:11)
  3 wyverns
  A yak (D:10)
  3 humans (D:9)
  A vampire (D:11)
  A basilisk (D:11)
  7 vampire mosquitoes
  A steam dragon (D:10)
  A water moccasin (D:6)
  A black bear (D:11)
  An orc warrior (D:11)
  A sky beast (D:8)
  An ice beast (D:6)
  An ogre (D:5)
  5 centaurs
  2 kobold brigands
  4 bullfrogs
  7 scorpions
  6 howler monkeys
  2 jellies
  6 orc priests
  2 hounds
  A sleepcap (D:7)
  2 hell rats (D:11)
  5 iguanas
  A gnoll bouda (D:9)
  7 orc wizards
  6 gnolls
  5 adders
  7 river rats
  2 white imps
  An ufetubus (D:6)
  2 worms
  2 dart slugs
  19 orcs
  5 bats (D:2)
  6 endoplasms
  9 giant cockroaches
  8 goblins
  3 hobgoblins
  A jackal (D:7)
  9 quokkas
  8 ball pythons
  14 frilled lizards
  7 kobolds
  12 rats
217 creatures vanquished.

Vanquished Creatures (collateral kills)
  2 orc priests (D:5)
  An iguana (D:5)
  Ijyb (D:5)
  2 orc wizards (D:5)
  2 adders (D:5)
  2 orcs (D:5)
10 creatures vanquished.

Vanquished Creatures (others)
  A yak (D:10)
  An orc priest (D:10)
  2 orc wizards (D:10)
  A fungus (Lair:1)
  A plant (Lair:1)
6 creatures vanquished.

Grand Total: 233 creatures vanquished

Notes
Turn   | Place    | Note
-------+----------+-------------------------------------------
     0 | D:1      | ketsa the Armataur Fighter began the quest for the Orb.
     0 | D:1      | Reached XP level 1. HP: 19/19 MP: 1/1
    72 | D:1      | Reached skill level 2 in Maces & Flails
   116 | D:1      | Reached XP level 2. HP: 26/26 MP: 2/2
   725 | D:2      | Reached XP level 3. HP: 24/32 MP: 3/3
   894 | D:2      | Reached skill level 3 in Maces & Flails
  1297 | D:2      | Reached XP level 4. HP: 37/39 MP: 4/4
  1579 | D:2      | Found a faded altar of an unknown god.
  1593 | D:2      | Prayed at the altar of an unknown god.
  1593 | D:2      | Became a worshipper of Nemelex Xobeh the Trickster
  1593 | D:2      | Reached * piety under Nemelex Xobeh
  1734 | D:3      | Received a gift from Nemelex Xobeh
  1919 | D:3      | Found a shadowy altar of Dithmenos.
  2506 | D:3      | Found an ornate altar of the Wu Jian Council.
  2599 | D:4      | Reached ** piety under Nemelex Xobeh
  2604 | D:4      | Noticed a black bear
  2683 | D:4      | Found a staircase to the Ecumenical Temple.
  2692 | Temple   | Entered the Ecumenical Temple
  2760 | D:4      | Found a hide-covered altar of Uskayaw.
  2984 | D:4      | Received a gift from Nemelex Xobeh
  3072 | D:4      | Noticed an ogre
  3626 | D:4      | Identified the +0 helmet "Vezuhyigh" {rF+ Dex+4}
  3735 | D:5      | Entered Level 5 of the Dungeon
  3735 | D:5      | Noticed a scorpion
  3744 | D:4      | Killed a scorpion
  3745 | D:4      | Reached skill level 4 in Maces & Flails
  3745 | D:4      | Reached XP level 5. HP: 34/44 MP: 5/5
  4085 | D:5      | Received a gift from Nemelex Xobeh
  4107 | D:5      | Noticed an ogre
  4114 | D:5      | Killed an ogre
  4115 | D:5      | Reached skill level 5 in Shields
  4115 | D:5      | Reached skill level 1 in Invocations
  4115 | D:5      | Reached XP level 6. HP: 53/53 MP: 6/6
  4127 | D:5      | Noticed Prince Ribbit
  4136 | D:5      | Killed Prince Ribbit
  4137 | D:5      | Reached skill level 5 in Maces & Flails
  4138 | D:5      | Found a shimmering blue altar of Sif Muna.
  4208 | D:5      | Noticed Sigmund
  4210 | D:5      | Killed Sigmund
  4211 | D:5      | Reached XP level 7. HP: 59/59 MP: 8/8
  4302 | D:5      | Reached skill level 6 in Maces & Flails
  4658 | D:5      | Noticed Ijyb
  4668 | D:5      | Killed Ijyb
  4712 | D:5      | Reached *** piety under Nemelex Xobeh
  4741 | D:5      | Reached XP level 8. HP: 66/66 MP: 10/10
  4971 | D:5      | Received a gift from Nemelex Xobeh
  4998 | D:5      | Found a sacrificial altar of Ru.
  4998 | D:5      | Found a basalt altar of Yredelemnul.
  5119 | D:6      | Gained mutation: Your natural rate of healing is unusually
                  | fast. [potion of mutation]
  5119 | D:6      | Gained mutation: Your magical capacity is low. (-10% MP)
                  | [potion of mutation]
  5119 | D:6      | Gained mutation: You are strong-willed. (Will+) [potion of
                  | mutation]
  5122 | D:6      | HP: 2/66 [water moccasin (4)]
  5124 | D:6      | Reached skill level 7 in Maces & Flails
  6005 | D:7      | Reached **** piety under Nemelex Xobeh
  6018 | D:7      | Found a runed translucent door.
  6030 | D:7      | Received a gift from Nemelex Xobeh
  6073 | D:7      | Found an opulent altar of Gozag.
  6256 | D:7      | Noticed a red devil
  6257 | D:7      | Noticed an ice devil
  6336 | D:7      | Reached skill level 8 in Maces & Flails
  6425 | D:7      | Found a transporter.
  6428 | D:7      | Noticed a kobold demonologist
  6443 | D:7      | Found a transporter.
  6546 | D:7      | Found a broken altar of Ashenzari.
  6822 | D:7      | Noticed MrCrawl's ghost (novice DsNe)
  6855 | D:8      | Reached skill level 5 in Invocations
  6855 | D:8      | Reached XP level 9. HP: 74/74 MP: 11/11
  6917 | D:8      | Received a gift from Nemelex Xobeh
  6999 | D:8      | Found a glowing golden altar of the Shining One.
  7087 | D:8      | Found Pihusmet's Demolitions Depot.
  7093 | D:8      | Found a staircase to the Lair.
  7354 | D:8      | Found an iron altar of Okawaru.
  7493 | D:8      | Reached ***** piety under Nemelex Xobeh
  7830 | Lair:1   | Entered Level 1 of the Lair of Beasts
  7875 | Lair:1   | Noticed a komodo dragon
  8165 | D:9      | Noticed Psyche
  8166 | D:9      | Noticed Joseph
  8227 | D:8      | Killed Psyche
  8228 | D:8      | Reached skill level 9 in Maces & Flails
  8228 | D:8      | Reached skill level 5 in Armour
  8244 | D:9      | Killed Joseph
  8286 | D:9      | Found a runed translucent gate.
  8286 | D:9      | Found a runed translucent gate.
  8286 | D:9      | Found a runed translucent gate.
  8286 | D:9      | Noticed a red ugly thing
  8286 | D:9      | Noticed a glowing orange brain
  8286 | D:9      | Noticed a brown ugly thing
  8286 | D:9      | Noticed a red ugly thing
  8286 | D:9      | Noticed a brown ugly thing
  8287 | D:9      | Noticed a cyan ugly thing
  8289 | D:9      | Noticed a green ugly thing
  8374 | D:9      | Received a gift from Nemelex Xobeh
  8424 | D:9      | Noticed Maurice
  8425 | D:9      | Maurice changed into Maurice the sky beast
  8425 | D:9      | Noticed Maurice
  8425 | D:9      | a human changed into a queen bee
  8425 | D:9      | Noticed a queen bee
  8426 | D:9      | Maurice the sky beast changed into Maurice the gnoll
  8426 | D:9      | Noticed Maurice
  8426 | D:9      | a queen bee changed into a human
  8439 | D:9      | Killed Maurice the gnoll
  8616 | D:9      | Noticed a two-headed ogre
  8742 | D:10     | Entered Level 10 of the Dungeon
  8836 | D:10     | Noticed a manticore
  8849 | D:10     | Killed a manticore
  8850 | D:10     | Reached XP level 10. HP: 11/82 MP: 3/13
  9031 | D:10     | Reached skill level 10 in Maces & Flails
  9112 | D:10     | Found a shimmering altar of Xom.
  9121 | D:10     | Noticed a cyclops
  9185 | D:9      | Killed a two-headed ogre
  9422 | D:10     | Received a gift from Nemelex Xobeh
  9481 | D:10     | Noticed a tengu warrior
  9614 | D:10     | Found a bloodstained altar of Trog.
  9772 | D:10     | Killed a cyclops
  9773 | D:10     | Reached skill level 11 in Maces & Flails
  9811 | D:10     | Reached skill level 5 in Fighting
 10036 | D:11     | Noticed an alligator
 10070 | D:11     | Killed an alligator
 10134 | D:11     | Noticed an alligator
 10171 | D:11     | an alligator changed into a goliath frog
 10171 | D:11     | Noticed a goliath frog
 10175 | D:11     | Killed a goliath frog
 10176 | D:11     | Reached XP level 11. HP: 44/94 MP: 6/15
 10493 | D:11     | Noticed a two-headed ogre
 10516 | D:11     | a two-headed ogre changed into a mana viper
 10516 | D:11     | Noticed a mana viper
 10533 | D:11     | Killed a mana viper
 10725 | D:11     | Noticed a cyan ugly thing
 10756 | D:11     | Killed a cyan ugly thing
 10757 | D:11     | Reached skill level 12 in Maces & Flails
 11254 | D:11     | Slain by a demonic crawler

Illustrated notes

Levels and vault maps discovered:
D:1:      ebering_trefoil_twist, layout_loops_ring
D:2:      layout_basic, hellmonk_ecumenical_altar_leap_of_faith, st_stairs_11
D:3:      layout_loops_ring, general_overflow_altar,
          nicolae_wu_jian_immortal_techniques
D:4:      layout_cave_pods, mainiacjoe_overflow_alcove_4,
          minmay_temple_entry_statues_pillars
D:5:      layout_loops_ring, kennysheep_mini_moat,
          gammafunk_temple_overflow_wave, uniq_ijyb, uniq_prince_ribbit1,
          uniq_sigmund
D:6:      layout_basic, nicolae_concentric_dashed_squares_wild
D:7:      gammafunk_wand_slinger, layout_gridville,
          mainiacjoe_overflow_boulevard, lemuel_doored_altar,
          ebering_ghost_reflecting_pool
D:8:      layout_layer_cave, okawaru_gym_becter, tso_metal_star,
          lair_entry_dummy, nicolae_blasting_shop
D:9:      layout_gridville, ploomutoo_gammafunk_ghost_potion_laboratory,
          minmay_ruffians, uniq_joseph, uniq_psyche, uniq_maurice
D:10:     layout_roguey, lightli_temple_of_fire, xom_confusion_cloud,
          the_hattery
D:11:     minmay_opposing_rooms, layout_loops_ring,
          hangedman_parallel_progression, uniq_erica
Temple:   hellmonk_temple_micro_hex
Lair:1:   layout_loops_ring, beast_lair_carwin_11, serial_bayou_shore_a,
          uniq_fannar, uniq_gastronok

Skill      XL: |  1  2  3  4  5  6  7  8  9 10 11 |
---------------+----------------------------------+-----
Maces & Flails | 2 3 4 5 6 8 9 11 12 | 12.1
Shields        | 4 5 6 |  6.7
Invocations    | 1 2 3 5 6 8 |  8.6
Fighting       | 3 5 6 |  6.2
Armour         | 6 |  6.4

Action                     |  1- 3 |  4- 6 |  7- 9 | 10-12 || total
---------------------------+-------+-------+-------+-------++-------
  Melee: Flail             |    91 |    77 |       |       ||   168
         Tailslap          |     6 |    10 |    33 |    44 ||    93
         Mace              |       |    28 |    35 |       ||    63
         Club              |       |       |   186 |   298 ||   484
  Throw: Dart              |       |       |     2 |       ||     2
 Invoke: Draw Destruction  |       |     5 |    15 |    10 ||    30
         Draw Summoning    |       |       |     4 |     2 ||     6
         Draw Escape       |       |       |     6 |     1 ||     7
  Evoke: Wand              |       |       |     1 |     6 ||     7
    Use: Scroll            |       |     1 |     8 |       ||     9
         Potion            |       |       |     4 |     1 ||     5
 Armour: Scale mail        |    35 |    34 |    96 |   128 ||   293
  Dodge: Dodged            |    36 |    30 |    80 |    65 ||   211
  Block: Buckler           |    15 |    26 |    71 |    97 ||   209
